 Dungeon Crawl Stone Soup version 0.17.2-1-ge4368a0 (webtiles) character file.

35786 hurricos the Devastator (level 13, -5/63 HPs)
             Began as a Tengu Wizard on Oct 15, 2016.
             Was the Champion of Makhleb.
             Slain by a black mamba (6 damage)
             ... on level 6 of the Lair of Beasts on Oct 16, 2016.
             The game lasted 00:41:10 (24573 turns).

hurricos the Devastator (Tengu Wizard)             Turns: 24573, Time: 00:41:10

Health: -5/63      AC:  9    Str: 10    XL:     13   Next: 86%
Magic:  2/28       EV:  2    Int: 22    God:    Makhleb [******]
Gold:   1467       SH:  0    Dex: 17    Spells: 10 memorised, 2 levels left

rFire  + . .     SeeInvis .     a - +4 hunting sling (evade)
rCold  + . .     Clarity  .     p - +2 robe {rF+}
rNeg   + + +     SustAt   .     (no shield)
rPois  ∞         Gourm    .     G - +1 hat
rElec  .         Spirit   .     e - +0 cloak
rCorr  .         Warding  +     I - +1 pair of gloves {Dex+3}
rMut   .         Stasis   .     (boots unavailable)
MR     .....                    E - amulet of warding
Stlth  ++........               C - ring of protection from cold
                                s - ring of poison resistance

@: lethally poisoned (-5 -> -5), petrified, flying quickly and evasively, very
slightly contaminated, studying Axes, repel missiles, quick, not resistant to
hostile enchantments, unstealthy
A: beak, talons 3, shaggy fur 1, strong 1, able to fly 1
a: Minor Destruction, Lesser Servant of Makhleb, Major Destruction, Greater
Servant of Makhleb, Renounce Religion


You were on level 6 of the Lair of Beasts.
You worshipped Makhleb.
Makhleb was exalted by your worship.
You were not hungry.

You visited 2 branches of the dungeon, and saw 17 of its levels.
You also visited: Volcano.

You collected 1467 gold pieces.

Inventory:

Hand Weapons
 a - a +4 hunting sling of evasion (weapon)
 O - the +7 short sword of Honour {flame, +Blink MR++}
   (You found it on level 7 of the Dungeon)

   It has been specially enchanted to burn those struck by it, causing extra
   injury to most foes and up to half again as much damage against particularly
   susceptible opponents.
   It affects your resistance to hostile enchantments.
   It lets you blink.
Missiles
 q - 629 stones (quivered)
Armour
 e - a +0 cloak (worn)
 p - a +2 robe of fire resistance (worn)
 r - the cursed +0 cloak "Wilotacho" {+Blink rElec Regen+ Dex-5}
   (You found it on level 6 of the Lair of Beasts)

   It affects your dexterity (-5).
   It insulates you from electricity.
   It lets you blink.
   It increases your rate of regeneration.
   It has a curse placed upon it.
 G - a +1 hat (worn)
 I - a +1 pair of gloves of dexterity (worn)
Magical Staves
 Y - an uncursed staff of cold
Jewellery
 j - an uncursed ring of sustain attributes
 s - a ring of poison resistance (left hand)
 C - a ring of protection from cold (right hand)
 E - an amulet of warding (around neck)
 L - an uncursed ring of protection from magic
Wands
 i - a wand of fire (7)
 u - a wand of fire (8)
 w - a wand of fire (1)
 y - a wand of polymorph (10)
 D - a wand of lightning (0)
 M - a wand of frost (11)
 S - a wand of lightning (0)
Scrolls
 b - a scroll of blinking
 h - a scroll of fog
 k - 7 scrolls of enchant armour
 l - a scroll of enchant weapon
 m - 2 scrolls of immolation
 n - a scroll of teleportation
 v - 7 scrolls of remove curse
 A - 4 scrolls of fear
 F - 3 scrolls of magic mapping
 P - 2 scrolls of recharging
 X - a scroll of amnesia
Potions
 d - a potion of cure mutation
 f - a potion of berserk rage
 g - a potion of haste
 z - 2 potions of brilliance
 K - 8 potions of curing
 R - a potion of might
 W - 2 potions of agility
Books
 c - a book of Minor Magic

   Spells                             Type                      Level
   a - Magic Dart                     Conjuration                  1
   b - Blink                          Translocation                2
   c - Call Imp                       Summoning                    2
   d - Repel Missiles                 Charms/Air                   2
   e - Slow                           Hexes                        2
   f - Conjure Flame                  Conjuration/Fire             3
   g - Mephitic Cloud                 Conjuration/Poison/Air       3
 x - a book of Conjurations

   Spells                             Type                      Level
   a - Magic Dart                     Conjuration                  1
   b - Searing Ray                    Conjuration                  2
   c - Dazzling Spray                 Conjuration/Hexes            3
   d - Fulminant Prism                Conjuration/Hexes            4
   e - Iskenderun's Mystic Blast      Conjuration                  4
   f - Iskenderun's Battlesphere      Conjuration/Charms           5
 B - a book of Annihilations

   Spells                             Type                      Level
   a - Poison Arrow                   Conjuration/Poison           6
   b - Chain Lightning                Conjuration/Air              8
   c - Lehudib's Crystal Spear        Conjuration/Earth            8
   d - Glaciate                       Conjuration/Ice              9
   e - Fire Storm                     Conjuration/Fire             9
 H - a book of Burglary

   Spells                             Type                      Level
   a - Swiftness                      Charms/Air                   2
   b - Passwall                       Transmutation/Earth          3
   c - Passage of Golubria            Translocation                4
   d - Lee's Rapid Deconstruction     Earth                        5
   e - Darkness                       Hexes                        6
   f - Invisibility                   Hexes                        6
 Q - a manual of Axes
 U - a book of Debilitation

   Spells                             Type                      Level
   a - Corona                         Hexes                        1
   b - Slow                           Hexes                        2
   c - Gell's Gravitas                Hexes/Translocation          3
   d - Inner Flame                    Hexes/Fire                   3
   e - Cause Fear                     Hexes                        4
   f - Leda's Liquefaction            Hexes/Earth                  4
 V - a book of Callings

   Spells                             Type                      Level
   a - Summon Small Mammal            Summoning                    1
   b - Call Imp                       Summoning                    2
   c - Call Canine Familiar           Summoning                    3
   d - Summon Guardian Golem          Hexes/Summoning              3
   e - Summon Lightning Spire         Summoning/Air                4
   f - Summon Ice Beast               Ice/Summoning                4
 Z - a book of Fire

   Spells                             Type                      Level
   a - Ignite Poison                  Fire/Transmutation/Poison    3
   b - Fireball                       Conjuration/Fire             5
   c - Bolt of Fire                   Conjuration/Fire             6
   d - Delayed Fireball               Conjuration/Fire             7
   e - Ring of Flames                 Charms/Fire                  7
Comestibles
 t - 7 fruits
 J - 2 meat rations
 N - 9 slices of pizza
 T - 3 bread rations


   Skills:
 - Level 8.7 Dodging
 - Level 2.0 Stealth
 - Level 10.3 Spellcasting
 - Level 16.0 Conjurations
 - Level 4.0 Charms
   Level 1.2 Summonings
 * Level 5.7 Translocations
 - Level 12.7 Air Magic
 - Level 5.7 Invocations


You had 2 spell levels left.
You knew the following spells:

 Your Spells              Type           Power        Failure   Level  Hunger
a - Magic Dart            Conj           ####         0%          1    None
b - Searing Ray           Conj           ######       0%          2    None
c - Iskenderun's Mystic   Conj           ######..     1%          4    ##.....
d - Conjure Flame         Conj/Fire      #####...     1%          3    None
e - Mephitic Cloud        Conj/Pois/Air  ######..     1%          3    None
f - Fulminant Prism       Conj/Hex       #####.....   1%          4    ##.....
h - Passage of Golubria   Tloc           N/A          8%          4    ##.....
j - Iskenderun's Battles  Conj/Chrm      ######..     2%          5    ####...
k - Repel Missiles        Chrm/Air       #####.       1%          2    None
B - Blink                 Tloc           N/A          1%          2    None


Dungeon Overview and Level Annotations

Branches:
Dungeon (11/15)            Temple (0/1) D:6            Lair (6/8) D:11
 Shoals (0/4) Lair:3       Spider (0/4) Lair:5        Slime (0/6) Lair:6
    Orc: D:9-12

Altars:
Cheibriados
Dithmenos
Fedhas
Gozag
Makhleb
Nemelex Xobeh
Okawaru
Qazlal
Sif Muna
Trog
Vehumet
Xom
Yredelemnul
Zin
The Shining One

Shops:
D:8 %

Annotations:
D:10 exclusion: 2 downstairs
D:11 exclusion: 2 upstairs, Nergalle


Innate Abilities, Weirdness & Mutations

You have a beak for a mouth.
You have claws for feet.
You can fly.
You are covered in fur (AC +1).
Your muscles are strong. (Str +2)


Message History

* * * LOW HITPOINT WARNING * * *
You have turned to stone.
The black mamba bites you but does no damage.
The basilisk gazes at you.
You easily resist.
The black mamba bites you but does no damage.
A komodo dragon comes into view.
The black mamba bites you but does no damage.
The black mamba bites you. The black mamba bites you!
* * * LOW HITPOINT WARNING * * *
The black mamba bites you but does no damage.
The black mamba bites you.
* * * LOW HITPOINT WARNING * * *
The black mamba bites you.
The black mamba bites you but does no damage.
Your battlesphere wavers and loses cohesion.
The black mamba bites you!
* * * LOW HITPOINT WARNING * * *
The black mamba bites you!
You die...

...........##........P##.........
........#.##.....................
..+../#.#..).........+..#........
.#.#####....P.........#..........
#..P.# #.#.#.........#####..#....
##.P.# #######.P...§## ###....#
#P..# ###l....### ####..+#. #P.##
###...S.....###..#..... #.†#
#.....@..........+..... ##.##
#.....l................ ##..#
###............P..#..... #..##
#...............#P#..... ##..#
##...._.........###.../. #..##
#.(...........####..... #...##
###.....##.PP###.###.+# ##...#
##..P.#..P###.#.P...# ##.P##
#.#........##.....###


You could see a komodo dragon, a black mamba and a basilisk.

Vanquished Creatures
  2 hydras
  A queen ant (Lair:6)
  2 death yaks (Lair:5)
  The ghost of Tobisume the Spear-Bearer, a novice DsFi of Ru (D:10)
  The ghost of hurricos the Zephyrmancer, a journeyman TeAE of Makhleb (D:8)
  Sonja (Lair:2)
  An unseen horror (D:11)
  A lindwurm (Volcano)
  Pikel (D:8)
  An orb spider (Lair:5)
  An ugly thing (D:11)
  8 elephants
  3 black mambas
  2 molten gargoyles (Volcano)
  Psyche (D:8)
  A gargoyle (D:11)
  8 spiny frogs
  5 komodo dragons
  2 trolls
  Grinder (D:3)
  A two-headed ogre (D:8)
  6 blink frogs
  2 slime creatures (Lair:6)
  A spriggan (D:9)
  24 yaks
  4 hippogriffs
  2 hungry ghosts
  3 basilisks
  Grum (D:11)
  7 fire bats (Volcano)
  2 steam dragons
  A vampire mosquito (D:10)
  2 mottled dragons (Volcano)
  A hell hound (Volcano)
  12 soldier ants (Lair:6)
  19 wolves
  5 water moccasins
  3 orc warriors
  4 sky beasts
  8 porcupines
  2 ogres (D:7)
  3 necrophages
  7 crocodiles
  3 ice beasts
  4 phantoms
  7 centaurs
  10 giant frogs
  3 big kobolds
  A wyvern zombie (D:11)
  4 killer bees (D:8)
  4 scorpions
  8 wights
  4 crimson imps
  An electric eel (Lair:1)
  A giant frog zombie (D:9)
  3 orc priests
  3 hounds
  5 jellies
  A quasit (D:6)
  2 centaur skeletons
  A giant frog skeleton (D:3)
  26 worker ants
  Terence (D:3)
  13 iguanas
  4 orc wizards
  12 sheep
  A mummy (D:7)
  2 hound zombies (D:7)
  A worker ant zombie (D:10)
  3 hound skeletons
  Robin (D:3)
  34 river rats
  13 adders
  A shadow imp (D:10)
  An ooze (D:1)
  3 worms
  3 giant geckos
  29 orcs
  2 ball pythons
  5 giant cockroaches
  12 goblins
  8 hobgoblins
  17 kobolds
  12 bats
  3 giant gecko skeletons
  5 giant newts
  2 gnoll zombies (D:5)
  A hobgoblin zombie (D:7)
  7 jackals
  A kobold zombie (D:7)
  2 orc zombies (D:7)
  A quokka (D:5)
  A quokka zombie (D:9)
  7 rats
  3 butterflies (D:6)
  2 fungi
468 creatures vanquished.

Vanquished Creatures (collateral kills)
  A soldier ant (Lair:6)
  A slave (D:8)
  A killer bee (D:8)
  3 worker ants
6 creatures vanquished.

Vanquished Creatures (others)
  A sky beast (D:8)
  A slave (D:8)
  An adder (D:8)
  20 fulminant prisms
  4 fungi
  6 plants
33 creatures vanquished.

Grand Total: 507 creatures vanquished

Notes
Turn   | Place    | Note
--------------------------------------------------------------
     0 | D:1      | hurricos the Tengu Wizard began the quest for the Orb.
     0 | D:1      | Reached XP level 1. HP: 10/10 MP: 5/5
   236 | D:1      | Reached XP level 2. HP: 13/15 MP: 0/7
   562 | D:1      | Reached XP level 3. HP: 13/19 MP: 5/8
   955 | D:1      | Learned a level 2 spell: Blink
   958 | D:1      | Learned a level 2 spell: Repel Missiles
   962 | D:1      | Learned a level 3 spell: Mephitic Cloud
  1153 | D:2      | Found a sparkling altar of Nemelex Xobeh.
  1240 | D:2      | Reached skill level 1 in Air Magic
  1577 | D:2      | Reached XP level 4. HP: 24/24 MP: 5/10
  1995 | D:3      | Found a radiant altar of Vehumet.
  2002 | D:3      | Reached skill level 4 in Conjurations
  2006 | D:3      | Found a glowing silver altar of Zin.
  2006 | D:3      | Found an iron altar of Okawaru.
  2007 | D:3      | Found a glowing golden altar of the Shining One.
  2009 | D:3      | Found a shadowy altar of Dithmenos.
  2011 | D:3      | Found a deep blue altar of Sif Muna.
  2042 | D:3      | Found a burning altar of Makhleb.
  2050 | D:3      | Became a worshipper of Makhleb the Destroyer
  2060 | D:3      | Noticed Grinder
  2067 | D:3      | Gained mutation: You are dopey. (Int -2) [potion of mutation]
  2067 | D:3      | Gained mutation: Your natural rate of healing is unusually fast. [potion of mutation]
  2067 | D:3      | Gained mutation: You passively map a small area around you. [potion of mutation]
  2070 | D:3      | Gained mutation: You possess an exceptional clarity of mind. [potion of mutation]
  2070 | D:3      | Lost mutation: You passively map a small area around you. [potion of mutation]
  2070 | D:3      | Gained mutation: You are occasionally teleported next to monsters. [potion of mutation]
  2071 | D:3      | Gained mutation: You are agile. (Dex +2) [potion of mutation]
  2071 | D:3      | Gained mutation: You are somewhat resistant to further mutation. [potion of mutation]
  2166 | D:3      | Paralysed by Grinder for 4 turns
  2179 | D:3      | Killed Grinder
  2179 | D:3      | Reached skill level 5 in Conjurations
  2179 | D:3      | Gained mutation: You can fly. [Tengu growth]
  2179 | D:3      | Reached XP level 5. HP: 28/28 MP: 5/12
  2179 | D:3      | Reached XP level 6. HP: 32/32 MP: 5/13
  2264 | D:3      | Noticed Terence
  2309 | D:3      | Killed Terence
  2349 | D:3      | Learned a level 3 spell: Conjure Flame
  2748 | D:3      | Noticed Robin
  2771 | D:3      | Killed Robin
  3120 | D:3      | Reached * piety under Makhleb
  3664 | D:4      | Noticed Etiwasa
  3719 | D:4      | Reached skill level 6 in Conjurations
  3719 | D:4      | Reached XP level 7. HP: 36/36 MP: 2/14
  3844 | D:5      | Entered Level 5 of the Dungeon
  3969 | D:5      | Lost mutation: You are agile. (Dex +2) [helix card]
  3970 | D:5      | Reached skill level 5 in Air Magic
  4081 | D:5      | Lost mutation: You are occasionally teleported next to monsters. [helix card]
  4081 | D:5      | Gained mutation: Your flesh is heat resistant. [helix card]
  4279 | D:5      | Found a stormy altar of Qazlal.
  4279 | D:5      | Found a blossoming altar of Fedhas.
  4285 | D:5      | Learned a level 2 spell: Searing Ray
  4572 | D:5      | Found a basalt altar of Yredelemnul.
  4860 | D:6      | Found a staircase to the Ecumenical Temple.
  4967 | D:6      | Reached skill level 7 in Conjurations
  5527 | D:6      | Reached XP level 8. HP: 41/41 MP: 3/16
  5760 | D:7      | Reached ** piety under Makhleb
  5760 | D:7      | Reached skill level 5 in Spellcasting
  5760 | D:7      | Reached skill level 8 in Conjurations
  6161 | D:7      | Got a translucent short sword
  6162 | D:7      | Identified the +7 short sword of Honour {flame, +Blink MR++} (You found it on level 7 of the Dungeon)
  6176 | D:7      | Reached skill level 1 in Translocations
  6306 | D:7      | Reached skill level 9 in Conjurations
  6625 | D:7      | Reached skill level 1 in Invocations
  6703 | D:7      | Reached XP level 9. HP: 45/45 MP: 8/18
  7018 | D:8      | Noticed hurricos's ghost (journeyman TeAE)
  7045 | D:8      | Killed hurricos's ghost
  7045 | D:8      | Reached *** piety under Makhleb
  7144 | D:8      | Noticed Psyche
  7163 | D:8      | Killed Psyche
  7163 | D:8      | Reached skill level 10 in Conjurations
  7379 | D:8      | Found Istral's Food Emporium.
  7583 | D:8      | Found a snail-covered altar of Cheibriados.
  7628 | D:8      | Reached skill level 5 in Dodging
  7646 | D:8      | Noticed Pikel
  7660 | D:8      | Killed Pikel
  7660 | D:8      | Reached XP level 10. HP: 50/50 MP: 8/20
  8634 | D:9      | Reached skill level 11 in Conjurations
  9425 | D:9      | Found an opulent altar of Gozag.
  9856 | D:10     | Entered Level 10 of the Dungeon
  9860 | D:10     | Reached **** piety under Makhleb
 10053 | D:10     | Noticed Tobisume's ghost (novice DsFi)
 10329 | D:10     | Reached skill level 12 in Conjurations
 10452 | D:10     | Reached XP level 11. HP: 54/54 MP: 8/22
 10759 | D:10     | Found a bloodstained altar of Trog.
 10801 | D:10     | Learned a level 4 spell: Iskenderun's Mystic Blast
 10855 | D:11     | Found a staircase to the Lair.
 11144 | D:11     | Learned a level 5 spell: Iskenderun's Battlesphere
 11156 | D:11     | Noticed a death yak
 11279 | D:10     | Killed Tobisume's ghost
 11279 | D:10     | Reached skill level 13 in Conjurations
 12314 | D:11     | Noticed Grum
 12358 | D:11     | Killed Grum
 13275 | D:11     | Reached skill level 14 in Conjurations
 13660 | D:11     | Noticed Nergalle
 13661 | D:11     | Noticed a spectral orc warlord
 14045 | D:11     | Noticed an ice dragon
 14046 | D:11     | Lost mutation: Your natural rate of healing is unusually fast. [potion of cure mutation]
 14046 | D:11     | Lost mutation: You are dopey. (Int -2) [potion of cure mutation]
 14046 | D:11     | Lost mutation: Your flesh is heat resistant. [potion of cure mutation]
 14046 | D:11     | Lost mutation: You are somewhat resistant to further mutation. [potion of cure mutation]
 14046 | D:11     | Lost mutation: You possess an exceptional clarity of mind. [potion of cure mutation]
 14087 | D:11     | Killed an unseen horror
 14658 | Lair:1   | Entered Level 1 of the Lair of Beasts
 15085 | Lair:1   | Noticed an eight-headed hydra
 15142 | Lair:1   | Killed an eight-headed hydra
 15417 | Lair:1   | Reached ***** piety under Makhleb
 15417 | Lair:1   | Reached skill level 1 in Charms
 15475 | Lair:1   | Reached XP level 12. HP: 59/59 MP: 12/26
 16428 | Lair:2   | Found a dark tunnel.
 16433 | Volcano  | Entered a volcano
 16624 | Volcano  | Found a radiant altar of Vehumet.
 16633 | Volcano  | Reached skill level 10 in Air Magic
 17502 | Lair:2   | Noticed Sonja
 17523 | Lair:2   | Killed Sonja
 18180 | Lair:3   | Learned a level 4 spell: Passage of Golubria
 18371 | Lair:3   | Learned a level 4 spell: Fulminant Prism
 18558 | Lair:3   | Found a staircase to the Shoals.
 18563 | Lair:3   | Gained mutation: Your muscles are strong. (Str +2) [potion of mutation]
 18563 | Lair:3   | Gained mutation: You have a pair of small horns on your head. [potion of mutation]
 18620 | Lair:3   | Reached skill level 15 in Conjurations
 19006 | Lair:3   | Reached ****** piety under Makhleb
 19129 | Lair:3   | Got a steaming jade ring
 19131 | Lair:3   | Identified the ring of Sif Muna's Displeasure {+Fly rElec Int-5 Dex+4 Slay+2} (You found it on level 3 of the Lair of Beasts)
 19697 | Lair:4   | Noticed a seven-headed hydra
 19711 | Lair:4   | Killed a seven-headed hydra
 19711 | Lair:4   | Reached skill level 5 in Invocations
 19711 | Lair:4   | Reached XP level 13. HP: 63/63 MP: 9/27
 20376 | Lair:4   | Reached skill level 10 in Spellcasting
 20770 | Lair:4   | Gained mutation: You are covered in fur (AC +1). [potion of mutation]
 20770 | Lair:4   | Lost mutation: You have a pair of small horns on your head. [potion of mutation]
 22042 | Lair:5   | Found a hole to the Spider Nest.
 23225 | Lair:6   | Found a shimmering altar of Xom.
 23499 | Lair:6   | Found a staircase to the Slime Pits.
 23528 | Lair:6   | Reached skill level 16 in Conjurations
 23947 | Lair:6   | Reached skill level 5 in Translocations
 24278 | Lair:6   | Got an ancient cloak
 24279 | Lair:6   | Identified the cursed +0 cloak "Wilotacho" {+Blink rElec Regen+ Dex-5} (You found it on level 6 of the Lair of Beasts)
 24573 | Lair:6   | HP: 1/63 [black mamba (7)]
 24573 | Lair:6   | Slain by a black mamba

Action                   |  1- 3 |  4- 6 |  7- 9 | 10-12 | 13-15 || total
-------------------------+-------+-------+-------+-------+-------++-------
Melee: Unarmed           |     6 |     8 |       |       |       ||    14
       Short sword       |    34 |       |       |    23 |       ||    57
       Hunting sling     |       |       |       |     1 |       ||     1
 Fire: Hunting sling     |       |    70 |    97 |    73 |       ||   240
 Cast: Magic Dart        |    82 |    95 |   173 |   266 |   138 ||   754
       Repel Missiles    |     1 |       |     2 |     4 |       ||     7
       Mephitic Cloud    |       |     6 |     7 |    41 |    10 ||    64
       Blink             |       |     2 |       |    19 |       ||    21
       Searing Ray       |       |       |    33 |   132 |    46 ||   211
       Conjure Flame     |       |       |       |     8 |     8 ||    16
       Iskenderun's Myst |       |       |       |    63 |     6 ||    69
       Iskenderun's Batt |       |       |       |    15 |    31 ||    46
       Fulminant Prism   |       |       |       |    11 |     9 ||    20
       Passage of Golubr |       |       |       |       |     1 ||     1
Invok: Lesser Servant of |       |       |       |     3 |       ||     3
 Abil: Fly               |       |       |       |     5 |     8 ||    13
Evoke: Deck              |       |     1 |     7 |     3 |       ||    11
       Wand              |       |       |       |    26 |     4 ||    30
  Use: Potion            |     4 |     5 |     5 |    11 |     2 ||    27
       Scroll            |     1 |     1 |     6 |    19 |     4 ||    31
  Eat: Chunk             |     2 |     6 |     2 |     6 |     5 ||    21
       Bread ration      |       |       |     4 |     4 |       ||     8
       Beef jerky        |       |       |       |     2 |     1 ||     3
       Meat ration       |       |       |       |     4 |     2 ||     6
       Royal jelly       |       |       |       |     1 |     2 ||     3
       Fruit             |       |       |       |       |     4 ||     4
